 Dungeon Crawl Stone Soup version 0.31.0-1-g2c135a0 (webtiles) character file.

Game seed: 13264830108390355532

133 bonegar the Magician (level 4, -1/24 HPs)
             Began as a Deep Elf Hedge Wizard on Apr 1, 2024.
             Slain by a sleepcap (10 damage)
             ... on level 3 of the Dungeon on Apr 3, 2024.
             The game lasted 00:23:23 (2144 turns).

bonegar the Magician (Deep Elf Hedge Wizard)        Turns: 2144, Time: 00:23:23

Health: -1/24      AC:  3    Str:  7    XL:     4   Next: 93%
Magic:  2/13       EV:  2    Int: 21    God:
Gold:   12         SH:  0    Dex: 14    Spells: 8/13 levels left

rFire   . . .        d - staff of conjuration
rCold   . . .        (no shield)
rNeg    . . .        b - +0 robe
rPois   .            c - +0 hat
rElec   .            (no cloak)
rCorr   .            (no gloves)
SInv    .            x - +0 pair of boots
Will    .....        (no amulet)
Stlth   ++           l - +5 ring of evasion
HPRegen 0.24/turn    (no ring)
MPRegen 0.13/turn

%: no passive effects
@: sleeping, on blink cooldown
A: no striking features
a: no special abilities


You were on level 3 of the Dungeon.
You visited 1 branch of the dungeon, and saw 3 of its levels.

You collected 12 gold pieces.

Inventory:

Hand Weapons
 a - a +0 dagger
Missiles
 k - 2 poisoned darts
 y - a throwing net
Armour
 b - a +0 robe (worn)
 c - a +0 hat (worn)
 u - an orb of wrath
 x - a +0 pair of boots (worn)
 z - a +2 buckler
Magical Staves
 d - a staff of conjuration (weapon)
Jewellery
 l - a +5 ring of evasion (left hand)
Wands
 r - a wand of polymorph (9)
 s - a wand of flame (15)
Scrolls
 f - 2 scrolls of enchant armour {unknown}
 m - a scroll of fog {unknown}
 p - a scroll of revelation {unknown}
 q - a scroll of amnesia {unknown}
 t - a scroll of fear {unknown}
 v - a scroll of vulnerability {unknown}
 w - a scroll of identify {unknown}
Potions
 e - 2 potions of curing {unknown}
 g - a potion of degeneration {unknown}
 h - a potion of cancellation {unknown}
 i - 3 potions of mutation {unknown}
 j - a potion of heal wounds {unknown}
 n - a potion of brilliance {unknown}
 o - a potion of attraction {unknown}


   Skills:
 + Level 1.0 Short Blades
 + Level 0.3 Staves
 + Level 3.3 Dodging
 + Level 3.3 Stealth
 + Level 5.1 Spellcasting
 + Level 2.2 Conjurations
 + Level 2.0 Summonings
 + Level 2.0 Translocations


You had 8 spell levels left.
You knew the following spells:

 Your Spells              Type           Power      Damage    Failure   Level
a - Magic Dart            Conj           88%        1d7       4%          1
b - Blink                 Tloc           28%        N/A       7%          2
c - Call Imp              Summ           28%        N/A       7%          2

Your spell library contained the following spells:

 Spells                   Type           Power      Damage    Failure   Level
 Slow                     Hex            20%        N/A       11%         1
 Cigotuvi's Dreadful Rot  Necr/Alch/Air  10%        N/A       16%         2
 Mephitic Cloud           Conj/Alch/Air  12%        N/A       24%         3


Dungeon Overview and Level Annotations

Branches:
Dungeon (3/15)

Altars:
Kikubaaqudgha


Message History

The adder bites you.
You are more poisoned.
The adder poisons you!
You feel sick.
Your cerulean imp hits the adder from afar with a -3 spear.
You feel sick. The adder bites your cerulean imp.
Your cerulean imp misses the adder.
You feel sick.
The adder closely misses your cerulean imp.
Your cerulean imp hits the adder but does no damage.
There is an open door here.
Casting: Magic Dart (safe; 4% risk of failure)
Confirm with . or Enter, or press ? or * to list all spells.
Aiming: Magic Dart (safe; 4% risk of failure)
Press: ? - help, Shift-Dir - straight line, f/p - adder
Aim: an adder (severely wounded, not watching you, ally target, 100% to hit)
You feel a surge of power!
The magic dart hits the adder.
The adder is almost dead.
You feel sick.
Your cerulean imp barely misses the adder.
You feel sick.
Your cerulean imp barely misses the adder.
Casting: Magic Dart (safe; 4% risk of failure)
Confirm with . or Enter, or press ? or * to list all spells.
You blink.
You feel sick.
Your cerulean imp closely misses the adder.
You feel sick.
You are no longer poisoned.
The adder misses your cerulean imp. The sleepcap attacks as it pursues you!
The sleepcap completely misses you.
Your cerulean imp hits the adder with a -3 spear.
The adder dies!
Your Short Blades skill increases to level 1!
Unknown command.
You open the door. The sleepcap releases spores at you.
You are engulfed in a cloud of soporific spores!
You fall asleep.
Your cerulean imp hits the sleepcap but does no damage.
The sleepcap releases spores at you!
You die...

######## ##### #
#....... ## ##...#
#...≈.8.≈. .. #'.8.#
.#.≈...≈. #. #@5.#
..≈≈.≈≈.
#.#.f†#######.≈≈.≈≈.
#).8.'.......≈≈.≈≈.
#..#...##......≈≈_≈≈.
#...#...#######.§≈≈§≈.
#... +.8.#........≈≈§..
+..# #...#.####...§.§..
##########.####..##..##
....................


You could see a sleepcap (ally target) and a friendly cerulean imp (summoned).

Vanquished Creatures
  3 gnolls (D:3)
  2 adders (D:3)
  A dart slug (D:2)
  An orc (D:3)
  4 ball pythons
  4 bats
  8 endoplasms
  A giant cockroach (D:1)
  5 goblins
  3 hobgoblins
  A jackal (D:3)
  2 quokkas
  7 kobolds
  4 rats
46 creatures vanquished.

Vanquished Creatures (collateral kills)
  A gnoll (D:3)
  An adder (D:3)
  A ribbon worm (D:2)
  2 dart slugs (D:2)
  A goblin (D:3)
  A hobgoblin (D:2)
  A kobold (D:2)
  A quokka (D:1)
  A rat (D:2)
10 creatures vanquished.

Grand Total: 56 creatures vanquished

Notes
Turn   | Place    | Note
-------+----------+-------------------------------------------
     0 | D:1      | bonegar the Deep Elf Hedge Wizard began the quest for the
                  | Orb.
     0 | D:1      | Reached XP level 1. HP: 10/10 MP: 7/7
   340 | D:1      | Reached XP level 2. HP: 15/15 MP: 5/9
   537 | D:1      | Learned a level 2 spell: Blink
   540 | D:1      | Learned a level 2 spell: Call Imp
   949 | D:2      | Reached XP level 3. HP: 19/19 MP: 1/11
  1854 | D:3      | Reached skill level 5 in Spellcasting
  1866 | D:3      | Reached XP level 4. HP: 9/24 MP: 8/13
  2105 | D:3      | Found an ancient bone altar of Kikubaaqudgha.
  2143 | D:3      | Reached skill level 1 in Short Blades
  2144 | D:3      | Slain by a sleepcap

Illustrated notes

Levels and vault maps discovered:
D:1:      lemuel_arrival_behind_the_door_large, layout_basic
D:2:      layout_loops_cross
D:3:      minmay_chambers_of_threes, layout_basic, mainiacjoe_overflow_catwalk

Skill      XL: |  1  2  3  4 |
---------------+-------------+-----
Dodging        | 3 |  3.3
Stealth        | 3 |  3.3
Spellcasting   | 5 |  5.1
Conjurations   | 2 |  2.2
Translocations | 2 |  2.0
Summonings     | 2 |  2.0
Short Blades   | 1 |  1.0
Staves         | |  0.3

Action                     |  1- 3 |  4- 6 || total
---------------------------+-------+-------++-------
  Melee: Dagger            |    66 |     1 ||    67
         Staff             |       |    13 ||    13
   Cast: Magic Dart        |    73 |    23 ||    96
         Call Imp          |     7 |     5 ||    12
         Blink             |     1 |     2 ||     3
    Use: Potion            |     1 |       ||     1
   Stab: Sleeping          |     3 |       ||     3
 Armour: Robe              |    22 |    11 ||    33
  Dodge: Dodged            |    53 |    29 ||    82
